AoeStats
← Afu

Arabia

507257885Analyzed
1v1 RM · 14d ago on Sep 17, 2026· 46m 46s· 2 players
Game mode
Random Map
Map size
Tiny (2 player)
Population
200
Speed
Normal
Resources
Standard
Victory
Conquest
Starting age
Dark Age
Ending age
Imperial Age
RankedLock teamsTeams togetherTeam positionsShared explorationLock speedFull tech treeHidden civsTurbo modeCheats
Victory
Defeat
🇹🇼 Wei · Taiwan
958
+44
🇺🇦 Spanish · Ukraine
936
-15
STOIC06
0:57 Loom
13:17 Feudal Age
13:40 Horse Collar
14:27 Double-Bit Axe
22:37 Castle Age
21:26 Stone Mining
21:28 Gold Mining
23:07 Pikeman
23:57 Fletching
29:48 Wheelbarrow
30:58 Bloodlines
30:43 Elite Skirmisher
32:28 Husbandry
32:43 Padded Archer Armor
34:36 Hand Cart
35:08 Town Watch
35:18 Light Cavalry
41:08 Imperial Age
42:12 Conscription
44:45 Scale Barding Armor
44:50 Forging
44:36 Bodkin Arrow
45:04 Ballistics
Afu
7:06 Loom
10:09 Feudal Age
11:20 Double-Bit Axe
11:16 Horse Collar
16:31 Gold Mining
18:58 Castle Age
18:31 Scale Barding Armor
19:53 Bow Saw
19:47 Heavy Plow
21:05 Gold Shaft Mining
21:05 Forging
23:14 Bloodlines
23:38 Husbandry
25:07 Iron Casting
25:21 Fletching
25:32 Padded Archer Armor
26:56 Bodkin Arrow
27:25 Chain Barding Armor
29:40 Wheelbarrow
29:30 Leather Archer Armor
32:01 Masonry
32:18 Ballistics
33:01 Hand Cart
33:08 Elite Skirmisher
36:39 Imperial Age
34:55 Stone Mining
37:25 Stone Shaft Mining
37:26 Heavy Hei Guang Cavalry
38:13 Bracer
38:44 Ring Archer Armor
39:12 Crop Rotation
41:00 Blast Furnace
Connection lost

Rejoining the realm…

Still unreachable

The connection could not be restored.

Session expired

The server has moved on; the page needs a fresh start.